 Dungeon Crawl Stone Soup version 0.27-a0-416-gca2cecf3c0 (webtiles) character file.

Game seed: 7320434293653630215

11 dickylongcocking the Skirmisher (level 2, -1/32 HPs)
             Began as an Ogre Delver on Feb 25, 2021.
             Slain by a leopard gecko (2 damage)
             ... on level 4 of the Dungeon.
             The game lasted 00:00:54 (504 turns).

dickylongcocking the Skirmisher (Ogre Delver)        Turns: 504, Time: 00:00:55

Health: -1/32      AC:  3    Str: 15    XL:     2   Next: 25%
Magic:  1/1        EV: 10    Int: 11    God:
Gold:   24         SH:  0    Dex: 10    Spells: 1/1 levels left

rFire    + . .     SeeInvis .   a - +0 mace
rCold    . . .     Faith    .   (no shield)
rNeg     . . .     Spirit   .   b - +0 robe
rPois    .         Reflect  .   (helmet restricted)
rElec    .         Harm     .   (no cloak)
rCorr    .         Rampage  .   (gloves unavailable)
Will     .....                  (boots unavailable)
Stlth    ++........             h - amulet of magic regeneration
HPRegen  0.10/turn              i - ring of protection from fire
MPRegen  0.32/turn              (no ring)

@: no status effects
A: large, unfitting armour, low mp 1, tough skin 1, evolution 1
a: no special abilities


You were on level 4 of the Dungeon.
You visited 1 branch of the dungeon, and saw 2 of its levels.

You collected 24 gold pieces.

Inventory:

Hand Weapons
 a - a +0 mace (weapon)
Armour
 b - a +0 robe (worn)
Jewellery
 h - an amulet of magic regeneration (around neck)
 i - a ring of protection from fire (left hand)
Wands
 g - a wand of digging (2)
Scrolls
 c - a scroll of fog
Potions
 f - a potion of haste
 j - a potion of mutation


   Skills:
 + Level 4.1 Fighting
 + Level 1.8 Maces & Flails
 + Level 1.8 Dodging
 + Level 4.0 Stealth


You had one spell level left.
You didn't know any spells.
Your spell library was empty.

Dungeon Overview and Level Annotations

Branches:
Dungeon (5/15)
 Temple: D:4-7

Altars:
Trog


Innate Abilities, Weirdness & Mutations

You are too large for most types of armour.
You have tough skin. (AC +1)
Your magical capacity is low. (-10% MP)
You evolve.


Message History

Found an emerald potion.
Found a stone staircase leading up.
You see here an emerald potion.
The bat hits you but does no damage.
There is a stone staircase leading up here.
You climb upwards.
An adder comes into view.
Found 6 gold pieces.
There is a stone staircase leading down here.
Found 11 stones and 13 gold pieces.
Hit: a) +0 mace
Press: ? - help, Dir - move target, f - you
Okay, then.
Hit: a) +0 mace
Press: ? - help, Dir - move target, f - you
Okay, then.
Okay, then.
You now have 24 gold pieces (gained 13).
A leopard gecko comes into view.
A leopard gecko is nearby!
A leopard gecko is nearby!
The leopard gecko hisses angrily.
Found a golden potion and a ruby ring.
The leopard gecko barely misses you.
You barely miss the leopard gecko. The leopard gecko closely misses you.
You hit the leopard gecko.
The leopard gecko is heavily wounded.
The leopard gecko bites you.
* * * LOW HITPOINT WARNING * * *
The leopard gecko hisses menacingly.
The leopard gecko barely misses you.
You closely miss the leopard gecko.
The leopard gecko is heavily wounded.
The leopard gecko bites you.
* * * LOW HITPOINT WARNING * * *
You hit the leopard gecko.
The leopard gecko is almost dead.
The leopard gecko bites you but does no damage.
The leopard gecko bites you.
You die...

#... . ######### #..###..
=.......# #.>...$.
!.......# #.......
........# #.....##
.......###########.....##
.............(..........
#.............#......
#...@l........+.....#
#.............##....#
#.............# ....#
#########.##### ....# #.#
....# #.# #.# .#


You could see a leopard gecko.

Vanquished Creatures
  An adder (D:5)
  An orc (D:5)
2 creatures vanquished.

Notes
Turn   | Place    | Note
-------+----------+-------------------------------------------
     0 | D:5      | dickylongcocking the Ogre Delver began the quest for the
                  | Orb.
     0 | D:5      | Reached XP level 1. HP: 24/24 MP: 1/1
    48 | D:5      | Found a bloodstained altar of Trog.
    79 | D:5      | Gained mutation: Your magical capacity is low. (-10% MP)
                  | [potion of mutation]
    79 | D:5      | Gained mutation: You evolve. [potion of mutation]
    82 | D:5      | Reached XP level 2. HP: 11/32 MP: 1/1
   464 | D:5      | HP: 1/32 [gnoll/+0 club of chaos (19)]
   503 | D:4      | HP: 1/32 [leopard gecko (2)]
   504 | D:4      | Slain by a leopard gecko

Illustrated notes

Levels and vault maps discovered:
D:4:      layout_basic, lemuel_doored_altar
D:5:      layout_loops_cross, tgw_xom, grunt_dithmenos_smoke_and_mirrors,
          bloody_trog

Skill      XL: |  1 |
---------------+----+-----
Stealth        | 4 |  4.0
Fighting       | |  4.1
Maces & Flails | |  1.8
Dodging        | |  1.8

Action                   || total
-------------------------++-------
Melee: Mace              ||    11
Evoke: Wand              ||     1
  Use: Scroll            ||     2
       Potion            ||     1
Armor: Robe              ||     2
Dodge: Dodged            ||    10

Table legend: (Time is in decaauts)
 A = Elapsed time spent in this place.
 B = Non-inter-level travel time spent in this place.
 C = Inter-level travel time spent in this place.
 D = Time resting spent in this place.
 E = Time spent auto-exploring this place.
 F = Levels seen in this place.
 G = Mean time per level.
                   A        B        C        D        E       F      G
               +--------+--------+--------+--------+--------+-----+--------+
         Total |    506 |    506 |      0 |    375 |      0 |   2 |  253.0 |
       Dungeon |    506 |    506 |      0 |    375 |      0 |   2 |  253.0 |
               +--------+--------+--------+--------+--------+-----+--------+

Top non-repeatable levels by time:
     D:5: 482 daAuts
     D:4: 23 daAuts
